 Dungeon Crawl Stone Soup version 0.31-a0-331-geda263fcf1 (webtiles) character file.

Game seed: 6236435832269440493

6855 mopl the Martial Artist (level 11, -11/73 HPs)
             Began as an Octopode Shapeshifter on July 19, 2023.
             Was a Follower of Uskayaw.
             Mangled by a gargoyle
             ... wielding a +0 morningstar
              (22 damage)
             ... on level 10 of the Dungeon.
             The game lasted 00:14:21 (8670 turns).

mopl the Martial Artist (Octopode Shapeshifter)     Turns: 8670, Time: 00:14:22

Health: -11/73     AC:  9    Str: 14    XL:     11   Next: 6%
Magic:  15/15      EV: 17    Int: 12    God:    Uskayaw [*.....]
Gold:   303        SH:  0    Dex: 22    Spells: 8/10 levels left

rFire   . .          .
                       - Unarmed
rCold   . . .        (no shield)
rNeg    . . .        (helmet currently unavailable)
rPois   .            C - amulet of faith {!P}
rElec   .            f - +6 ring of dexterity
rCorr   .            i - +4 ring of protection
SInv    .            v - +4 ring of protection
Will    .....        (no ring)
Stlth   +++          (no ring)
HPRegen 0.32/turn    (no ring)
MPRegen 0.14/turn    (no ring)
                     (no ring)

%: faith
@: beast-form
A: beast (slay +5), almost no armour, amphibious, 8 rings, camouflage 1,
gelatinous body 1, (nimble swimmer 1), tentacles
a: Begin Untransformation, Renounce Religion, Stomp


You were on level 10 of the Dungeon.
You worshipped Uskayaw.
Uskayaw was noncommittal.
You were a hulking beast.
You visited 2 branches of the dungeon, and saw 11 of its levels.

You collected 303 gold pieces.

Inventory:

Missiles
 l - 23 poisoned darts (quivered)
 s - 6 boomerangs of dispersal
 t - 2 boomerangs
 E - 6 javelins
Jewellery
 f - a +6 ring of dexterity (left tentacle)
 i - a +4 ring of protection (right tentacle)
 v - a +4 ring of protection (on tentacle)
 C - an amulet of faith (around mantle) {!P}
 F - a ring of ice
 J - a ring of fire
Talismans
 b - a beast talisman
 x - a blade talisman
 D - a maw talisman
Wands
 m - a wand of charming (2)
 p - a wand of polymorph (6)
 w - a wand of iceblast (5)
 y - a wand of mindburst (15)
 B - a wand of flame (7)
 I - a wand of light (6)
Scrolls
 c - 3 scrolls of teleportation {unknown}
 d - 2 scrolls of fear {unknown}
 g - 2 scrolls of fog {unknown}
 j - 2 scrolls of noise {unknown}
 k - 4 scrolls of revelation {unknown}
 n - a scroll of enchant weapon {unknown}
 o - 2 scrolls of brand weapon {unknown}
 z - a scroll of blinking
 G - a scroll of enchant armour
 H - a scroll of identify
Potions
 a - 3 potions of lignification {!q}
 e - 3 potions of haste
 h - 3 potions of curing
 q - 2 potions of mutation {!q}
 r - a potion of berserk rage {!q}
 u - 2 potions of enlightenment
 A - 3 potions of might


   Skills:
 + Level 6.3 Fighting
 + Level 1.1 Throwing
 + Level 6.3 Dodging
 * Level 8.7 Unarmed Combat
 - Level 5.0 Transmutations
 + Level 5.6 Invocations
 + Level 1.2 Evocations
 * Level 7.8 Shapeshifting


You had 8 spell levels left.
You knew the following spells:

 Your Spells              Type           Power      Damage    Failure   Level
w - Wereblood             Tmut           12%        N/A       6%          2

Your spell library contained the following spells:

 Spells                   Type           Power      Damage    Failure   Level
 Passwall                 Tmut/Erth      5%         N/A       19%         2
 Freeze                   Ice            0%         1d3       32%         1
 Kiss of Death            Conj/Necr      0%         2d5       32%         1
 Sandblast                Erth           0%         2d4       32%         1
 Cigotuvi's Dreadful Rot  Necr/Pois/Air  0%         N/A       45%         2
 Sublimation of Blood     Necr           0%         N/A       45%         2
 Ignite Poison            Fire/Tmut/Pois 3%         N/A       45%         3
 Confusing Touch          Hex            0%         N/A       69%         3
 Frozen Ramparts          Ice            0%         1d1       69%         3
 Hailstorm                Conj/Ice       0%         3d3       69%         3
 Stone Arrow              Conj/Erth      0%         3d7       69%         3
 Vhi's Electric Charge    Tloc/Air       0%         N/A       69%         3
 Dispel Undead            Necr           0%         3d6       97%         4
 Sticky Flame             Conj/Fire      0%         2d3       97%         4
 Arcjolt                  Conj/Air       0%         1d10      100%        5
 Death Channel            Necr           0%         N/A       100%        6
 Plasma Beam              Fire/Air       0%         2x1d10    100%        6
 Summon Hydra             Summ           0%         N/A       100%        7
 Ignition                 Fire           0%         3d3       100%        8


Dungeon Overview and Level Annotations

Branches:
Dungeon (10/15)            Temple (1/1) D:5            Lair (0/5) D:8
    Orc (0/2) D:9

Altars:
Ashenzari
Cheibriados
Dithmenos
Elyvilon
Fedhas
Gozag
Hepliaklqana
Kikubaaqudgha
Nemelex Xobeh
Okawaru
Qazlal
Ru
Sif Muna
Trog
Uskayaw
Vehumet
Wu Jian
Xom
Yredelemnul
Zin
The Shining One

Shops:
D:8 (


Innate Abilities, Weirdness & Mutations

You are a hulking beast.
Your limbs bulge with bestial killing power. (Slay +5)
You cannot wear most types of armour.
You are amphibious.
You can wear up to eight rings at the same time.
Your skin changes colour to match your surroundings (Stealth+).
Your rubbery body absorbs attacks. (AC +1, EV +1)
((You are camouflaged when in or above water. (Stealth+)))
You have tentacles for arms and can constrict up to eight enemies at once.


Message History

Found a club.
A gargoyle and an electric eel come into view.
Found a glowing gilded ring.
You have identified the last wand.
Found a wand of digging (4).
The electric eel shoots out a bolt of lightning at you!
The bolt of electricity hits you!
You tentacle-slap the gargoyle but do no damage.
You grab the gargoyle.
You squeeze the gargoyle, but do no damage.
You constrict the gargoyle.
You tentacle-slap the gargoyle but do no damage.
The gargoyle is lightly damaged.
You constrict the gargoyle, but do no damage.
The electric eel shoots out a bolt of lightning at you!
The bolt of electricity hits you!
The gargoyle hurls a stone arrow at you.
The stone arrow hits you!
You tentacle-slap the gargoyle but do no damage.
The gargoyle is lightly damaged.
You constrict the gargoyle.
The electric eel shoots out a bolt of lightning at you!
The bolt of electricity hits you.
The gargoyle hits you with a +0 morningstar!
* * * LOW HITPOINT WARNING * * *
You completely miss the gargoyle.
You squeeze the gargoyle, but do no damage.
The gargoyle is lightly damaged.
You constrict the gargoyle, but do no damage.
The gargoyle hurls a stone arrow at you.
The stone arrow misses you.
Unknown command.
You tentacle-slap the gargoyle but do no damage.
You squeeze the gargoyle.
The gargoyle is moderately damaged.
You constrict the gargoyle.
The electric eel shoots out a bolt of lightning at you!
The bolt of electricity hits you!
* * * LOW HITPOINT WARNING * * *
The gargoyle hits you with a +0 morningstar!!
You die...

/#+ .. .. .... ~~ ~~
....~#~≈ ≈# #
....~#≈###≈# ..
....~#≈≈≈≈≈#≈##
..~≈~S~~~~≈..
#=..9...# #..h....#
#.......# #.......# #
#######..........
#.####............####
#.#..................
#.........)..........
###.##.........#######
#.##.........#


You could see a gargoyle and an electric eel.

Vanquished Creatures
  A two-headed ogre (D:8)
  Maggie (D:7)
  2 trolls (D:8)
  Grinder (D:6)
  A hornet (D:9)
  Prince Ribbit (D:6)
  A wraith (D:9)
  7 yaks
  A wyvern (D:7)
  Menkaure (D:7)
  A water moccasin (D:8)
  Duvessa (D:6)
  2 orc warriors
  A black bear (D:6)
  2 sky beasts
  An ogre (D:6)
  3 centaurs
  2 phantoms
  2 kobold brigands
  A bullfrog (D:6)
  A scorpion (D:5)
  9 wights
  Dowan (D:6)
  5 killer bees (D:9)
  A howler monkey (D:6)
  9 electric eels
  7 orc priests
  7 hounds
  2 jellies (D:7)
  A gnoll bouda (D:6)
  2 iguanas
  Natasha (thrice) (D:4)
  8 orc wizards
  Robin (D:2)
  5 gnolls (D:6)
  3 adders
  A white imp (D:7)
  An ufetubus (D:7)
  5 worms
  2 dart slugs
  24 orcs
  7 endoplasms
  3 giant cockroaches
  16 goblins
  13 hobgoblins
  4 jackals
  A quokka (D:5)
  9 ball pythons
  5 bats
  8 frilled lizards
  13 kobolds
  8 rats
218 creatures vanquished.

Notes
Turn   | Place    | Note
-------+----------+-------------------------------------------
     0 | D:1      | mopl the Octopode Shapeshifter began the quest for the Orb.
     0 | D:1      | Reached XP level 1. HP: 14/14 MP: 1/1
   209 | D:1      | Reached XP level 2. HP: 19/19 MP: 2/2
   878 | D:2      | Reached XP level 3. HP: 24/24 MP: 3/3
  1404 | D:2      | Noticed Robin
  1413 | D:2      | Killed Robin
  1414 | D:2      | Reached skill level 3 in Unarmed Combat
  1414 | D:2      | Reached XP level 4. HP: 14/30 MP: 4/4
  2092 | D:3      | Learned a level 2 spell: Wereblood
  2141 | D:4      | Noticed a phantom
  2159 | D:4      | Killed a phantom
  2160 | D:4      | Reached XP level 5. HP: 8/36 MP: 5/5
  2496 | D:4      | Noticed Natasha
  2502 | D:4      | Killed Natasha
  2503 | D:4      | Reached skill level 1 in Transmutations
  2503 | D:4      | Reached skill level 4 in Shapeshifting
  2505 | D:4      | Reached XP level 6. HP: 41/41 MP: 6/6
  2513 | D:4      | Reached skill level 3 in Fighting
  2513 | D:4      | Noticed Natasha
  2520 | D:4      | Killed Natasha
  2563 | D:4      | Noticed Natasha
  2571 | D:4      | Killed Natasha
  2572 | D:4      | Reached skill level 3 in Dodging
  2639 | D:4      | Found an opulent altar of Gozag.
  2907 | D:5      | Entered Level 5 of the Dungeon
  3162 | D:5      | Reached skill level 4 in Unarmed Combat
  3360 | D:5      | Found a staircase to the Ecumenical Temple.
  3596 | Temple   | Entered the Ecumenical Temple
  3616 | Temple   | Became a worshipper of Uskayaw the Reveller
  3771 | D:6      | Reached * piety under Uskayaw
  3774 | D:6      | Reached XP level 7. HP: 44/46 MP: 7/7
  3774 | D:6      | Reached ** piety under Uskayaw
  3777 | D:6      | Reached *** piety under Uskayaw
  3779 | D:6      | Reached **** piety under Uskayaw
  3784 | D:6      | Reached ***** piety under Uskayaw
  3892 | D:6      | Found a bloodstained altar of Trog.
  3932 | D:6      | Reached skill level 1 in Invocations
  3945 | D:6      | Reached skill level 2 in Transmutations
  3951 | D:6      | Noticed a yak
  3977 | D:6      | Killed a yak
  3978 | D:6      | Reached skill level 5 in Unarmed Combat
  3978 | D:6      | Reached XP level 8. HP: 30/54 MP: 7/9
  4281 | D:6      | Noticed Prince Ribbit
  4288 | D:6      | Killed Prince Ribbit
  4289 | D:6      | Reached skill level 4 in Fighting
  4289 | D:6      | Reached skill level 2 in Invocations
  4289 | D:6      | Reached skill level 5 in Shapeshifting
  4391 | D:6      | Noticed Duvessa
  4393 | D:6      | Noticed Dowan
  4402 | D:6      | Killed Duvessa
  4403 | D:6      | Reached skill level 4 in Dodging
  4404 | D:6      | Killed Dowan
  4590 | D:6      | Found a basalt altar of Yredelemnul.
  4638 | D:6      | Noticed Grinder
  4662 | D:6      | Reached skill level 3 in Transmutations
  4677 | D:6      | Paralysed by Grinder for 3 turns
  4684 | D:6      | Killed Grinder
  4703 | D:6      | Reached skill level 6 in Unarmed Combat
  4703 | D:6      | Reached skill level 3 in Invocations
  4703 | D:6      | Reached XP level 9. HP: 39/59 MP: 11/11
  5106 | D:7      | Noticed Menkaure
  5115 | D:7      | Killed Menkaure
  5174 | D:7      | Reached skill level 6 in Shapeshifting
  5564 | D:7      | Noticed Maggie
  5571 | D:7      | Killed Maggie
  5572 | D:7      | Reached skill level 5 in Fighting
  5572 | D:7      | Reached skill level 5 in Dodging
  5572 | D:7      | Reached skill level 4 in Transmutations
  5757 | D:7      | Found a shimmering blue altar of Sif Muna.
  5965 | D:8      | Found a broken altar of Ashenzari.
  6011 | D:8      | Reached skill level 7 in Unarmed Combat
  6011 | D:8      | Reached skill level 4 in Invocations
  6097 | D:8      | Noticed a troll
  6187 | D:8      | Found a sacrificial altar of Ru.
  6203 | D:8      | Reached XP level 10. HP: 66/66 MP: 13/13
  6218 | D:8      | Noticed a two-headed ogre
  6271 | D:8      | Killed a two-headed ogre
  6306 | D:8      | Reached skill level 7 in Shapeshifting
  6696 | D:8      | Found a staircase to the Lair.
  6837 | D:8      | Found a snail-covered altar of Cheibriados.
  6892 | D:8      | Reached skill level 8 in Unarmed Combat
  6899 | D:8      | Reached skill level 5 in Invocations
  6972 | D:8      | Reached skill level 6 in Fighting
  6973 | D:8      | Reached skill level 5 in Transmutations
  7018 | D:8      | Found Henk's Antique Weapon Emporium.
  7366 | D:6      | Reached skill level 6 in Dodging
  8100 | D:9      | Found a blossoming altar of Fedhas.
  8140 | D:9      | Reached XP level 11. HP: 63/72 MP: 15/15
  8158 | D:9      | Found a staircase to the Orcish Mines.
  8178 | D:9      | Reached skill level 1 in Throwing
  8178 | D:9      | Reached skill level 1 in Evocations
  8545 | D:9      | Found a shadowy altar of Dithmenos.
  8641 | D:10     | Entered Level 10 of the Dungeon
  8670 | D:10     | Mangled by a gargoyle

Illustrated notes

Levels and vault maps discovered:
D:1:      nzn_arrival_water_spiral, layout_basic, minmay_misc_feat_plants
D:2:      minmay_alternating_diamond, layout_loops_corners, uniq_robin
D:3:      layout_basic
D:4:      layout_basic, nicolae_gozag_cash_rules_everything_around_me,
          uniq_natasha
D:5:      layout_loops_ring, minmay_temple_entry_enclosed_plants,
          hangedman_glass_teeth, nicolae_the_louvre
D:6:      cheibrodos_two_vegetables, layout_loops_ring, kennysheep_little_box,
          yredelemnul_altar_generic, uniq_duvessa, uniq_grinder,
          uniq_prince_ribbit1
D:7:      layout_loops_ring, kennysheep_mini, uniq_maggie, uniq_menkaure
D:8:      layout_cave_pools, mainiacjoe_overflow_concentric_impassable,
          slow_altar_1, lemuel_crystal_altar, erik_lair_island, serial_shops,
          nicolae_stop_n_shop_1
D:9:      layout_basic, general_overflow_altar, lemuel_crystal_altar,
          orc_0_dummy
D:10:     layout_basic, lightli_temple_of_fire, minmay_crystal_water,
          dk_rats_in_the_wall, uniq_maurice, uniq_fannar
Temple:   hc_temple_tempest_star

Skill      XL: |  1  2  3  4  5  6  7  8  9 10 11 |
---------------+----------------------------------+-----
Unarmed Combat | 3 4 5 6 7 8 |  8.7
Transmutations | 1 2 3 4 5 |  5.0
Shapeshifting  | 4 5 6 7 |  7.8
Fighting       | 3 4 5 6 |  6.3
Dodging        | 3 4 5 6 |  6.3
Invocations    | 1 3 4 5 |  5.6
Throwing       | 1 |  1.1
Evocations     | 1 |  1.2

Action                     |  1- 3 |  4- 6 |  7- 9 | 10-12 || total
---------------------------+-------+-------+-------+-------++-------
  Melee: Unarmed           |    63 |   114 |   156 |   135 ||   468
         Constrict         |    20 |    30 |    30 |    33 ||   113
         Tentacles         |    10 |    25 |    55 |    38 ||   128
         Punch             |     2 |     4 |    13 |     8 ||    27
  Throw: Dart              |       |       |     3 |       ||     3
  Evoke: Wand              |       |       |     2 |    10 ||    12
    Use: Scroll            |       |     4 |     3 |     2 ||     9
         Potion            |       |     1 |       |       ||     1
   Stab: Sleeping          |    11 |    10 |     5 |     2 ||    28
         Paralysed         |       |       |     3 |    11 ||    14
 Armour: Skin              |       |     3 |    24 |    42 ||    69
  Dodge: Dodged            |    31 |    51 |    76 |   103 ||   261

Table legend: (Time is in decaauts)
 A = Elapsed time spent in this place.
 B = Non-inter-level travel time spent in this place.
 C = Inter-level travel time spent in this place.
 D = Time resting spent in this place.
 E = Time spent auto-exploring this place.
 F = Levels seen in this place.
 G = Mean time per level.
                   A        B        C        D        E       F      G
               +--------+--------+--------+--------+--------+-----+--------+
         Total |   8630 |   8194 |    436 |   1848 |   4721 |  11 |  784.5 |
       Dungeon |   8585 |   8172 |    413 |   1848 |   4721 |  10 |  858.5 |
        Temple |     44 |     22 |     22 |      0 |      0 |   1 |   44.0 |
               +--------+--------+--------+--------+--------+-----+--------+

Top non-repeatable levels by time:
     D:6: 1743 daAuts
     D:8: 1173 daAuts
     D:7: 1120 daAuts
     D:2: 893 daAuts
     D:4: 810 daAuts
     D:9: 810 daAuts
     D:5: 801 daAuts
     D:1: 777 daAuts
     D:3: 425 daAuts
  Temple: 44 daAuts
    D:10: 28 daAuts
